 Dungeon Crawl Stone Soup version 0.18-a0-33-g9e10395 (webtiles) character file.

321 MrRokkomies the Sneak (level 6, 0/50 HPs)
             Began as a Formicid Assassin on Nov 5, 2015.
             Slain by a yak (5 damage)
             ... on level 11 of the Dungeon.
             The game lasted 00:03:57 (678 turns).

MrRokkomies the Sneak (Formicid Assassin)            Turns: 678, Time: 00:03:57

Health: 0/50       AC:  9    Str: 15    XL:     6   Next: 76%
Magic:  6/6        EV:  7    Int: 13    God:
Gold:   8          SH:  0    Dex: 12    Spells: 0 memorised, 5 levels left

rFire  . . .     SeeInvis +     a - +2 dagger
rCold  . . .     Clarity  .     g - +0 chain mail
rNeg   . . .     SustAt   .     (no shield)
rPois  .         Gourm    .     (helmet unavailable)
rElec  .         Spirit   .     d - +0 cloak
rCorr  .         Warding  .     (no gloves)
rMut   .         Stasis   +     (no boots)
MR     .....                    (no amulet)
Stlth  ..........               (no ring)
                                (no ring)

@: not resistant to hostile enchantments, extremely unstealthy
A: permanent stasis, dig shafts and tunnels, four strong arms, antennae 3
a: Dig, Shaft Self


You were on level 11 of the Dungeon.
You were not hungry.

You visited 1 branch of the dungeon, and saw 8 of its levels.

You collected 8 gold pieces.

Inventory:

Hand Weapons
 a - a +2 dagger (weapon)
 b - a +0 blowgun
Missiles
 e - 5 poisoned needles
 f - 2 curare-tipped needles
Armour
 c - a +1 robe
 d - a +0 cloak (worn)
 g - a +0 chain mail (worn)


   Skills:
 * Level 4.9 Fighting
 - Level 2.2 Short Blades
 - Level 1.8 Throwing
 * Level 0.2 Armour
 - Level 3.5 Dodging
 - Level 5.7 Stealth


You had 5 spell levels left.
You didn't know any spells.

Dungeon Overview and Level Annotations

Branches:
Dungeon (11/15)               Orc (0/4) D:9
 Temple: D:4-7         Lair: D:8-11

Altars:

Annotations:
D:6 Dowan, Duvessa


Innate Abilities, Weirdness & Mutations

You are under a permanent stasis effect.
You can dig through walls and to a lower floor.
Your four strong arms can wield two-handed weapons with a shield.
You have a pair of large antennae on your head (SInv).


Message History

The five-headed hydra bites you!
* * * LOW HITPOINT WARNING * * *
You dig through the rock wall.
You dig through the rock wall.
The adder barely misses you.
You aren't carrying any items that can be evoked.
Read which item? (? for menu, Esc to quit)
As you read the scroll labeled QYUNEOCINUI, it crumbles to dust.
You feel forgetful for a moment.
It was a scroll of amnesia.
Drink which item? (? for menu, Esc to quit)
It was a potion of curing.
You feel better.
The five-headed hydra barely misses you.
The five-headed hydra bites you but does no damage.
The five-headed hydra bites you!
* * * LOW HITPOINT WARNING * * *
The five-headed hydra bites you.
* * * LOW HITPOINT WARNING * * *
The five-headed hydra bites you but does no damage.
You dig through the rock wall.
The yak gores you but does no damage.
You retract your mandibles.
The yak gores you.
You die...

.# ... #.. ..{ #. #.##
#####+### #..####...[...#
#YDS.Y.......#
.#########@####.......#
.......{##.Y##{...?...#
..$.....###Y#{#.......#
#......YY'.(...#....$..# ###
#......Y.####..#####+#####.#
#........# #..# #...Y....#
#.......Y# ##.# #..#####'#
#........# #.## #..#....Y.
#....{..Y# #..# #$.#......


You could see a five-headed hydra, 4 yaks and an adder.

Vanquished Creatures
  A boulder beetle (D:10)
  A sky beast (D:5)
  A worker ant (D:5)
  An adder (D:4)
  2 orcs
6 creatures vanquished.

Notes
Turn   | Place    | Note
--------------------------------------------------------------
     0 | D:1      | MrRokkomies the Formicid Assassin began the quest for the Orb.
     0 | D:1      | Reached XP level 1. HP: 16/16 MP: 1/1
     3 | D:1      | You fall through a shaft!
     6 | D:2      | You fall through a shaft for 2 floors!
     9 | D:4      | Reached skill level 5 in Stealth
     9 | D:4      | Reached XP level 2. HP: 21/23 MP: 2/2
    12 | D:5      | Entered Level 5 of the Dungeon
    12 | D:5      | Noticed a sky beast
    19 | D:5      | Reached skill level 1 in Dodging
    19 | D:5      | Reached XP level 3. HP: 25/28 MP: 3/3
    30 | D:5      | Killed a sky beast
    30 | D:5      | Reached XP level 4. HP: 30/35 MP: 4/4
    30 | D:5      | Reached XP level 5. HP: 35/41 MP: 5/5
    33 | D:5      | You fall through a shaft!
    33 | D:6      | Noticed Duvessa
    33 | D:6      | Noticed Dowan
    36 | D:6      | You fall through a shaft for 3 floors!
    36 | D:9      | Found a staircase to the Orcish Mines.
    36 | D:9      | Noticed an orc warrior
    36 | D:9      | Noticed an orc warrior
    39 | D:9      | You fall through a shaft!
    39 | D:10     | Entered Level 10 of the Dungeon
    39 | D:10     | Noticed a centaur zombie
   148 | D:10     | Noticed an orc warrior
   158 | D:10     | Noticed a boulder beetle
   179 | D:10     | Killed a boulder beetle
   179 | D:10     | Reached XP level 6. HP: 47/50 MP: 6/6
   255 | D:10     | Noticed a centaur skeleton
   279 | D:10     | HP: 2/50 [centaur skeleton (2)]
   280 | D:10     | You fall through a shaft!
   595 | D:11     | Noticed a yak
   596 | D:11     | Noticed a yak
   635 | D:11     | Noticed a yak
   635 | D:11     | Noticed a yak
   635 | D:11     | Noticed a yak
   636 | D:11     | Noticed a yak
   636 | D:11     | Noticed a yak
   638 | D:11     | Noticed a yak
   643 | D:11     | Noticed a yak
   648 | D:11     | Noticed a yak
   654 | D:11     | Noticed a hill giant
   669 | D:11     | Noticed a five-headed hydra
   678 | D:11     | Slain by a yak

Vault maps used:
D:1:      shiori_arrival_elements, hangedman_decor_push, grunt_decor_fettered
D:4:      yredelemnul_forgotten_temple_becter, first_bread, sigmund_army,
          uniq_edmund, uniq_eustachio
D:5:      overflow_temple_1_default
D:6:      minmay_temple_entry_crystal_x, basic_altar, minmay_misc_feat_alley,
          grunt_decor_clamped, uniq_duvessa, uniq_grinder
D:9:      lemuel_zombie_altar_kikubaaqudgha, david_orc_3
D:10:     boulder_corridor_run, basic_altar, lightli_elemental_guards
D:11:     serial_shops, shop

Action                   |  1- 3 |  4- 6 || total
-------------------------+-------+-------++-------
Melee: Dagger            |     5 |    26 ||    31
 Fire: Blowgun           |     2 |     5 ||     7
 Abil: Shaft Self        |     2 |     4 ||     6
       Dig               |       |     4 ||     4
  Use: Scroll            |       |     3 ||     3
       Potion            |       |     1 ||     1
 Stab: Sleeping          |     2 |       ||     2
  Eat: Bread ration      |       |     1 ||     1
